 Dungeon Crawl Stone Soup version 0.30.0-29-ga12c61a403 (webtiles) character file.

Game seed: 5253999786998482741

16 soylentgreeen202 the Gusty (level 2, 0/20 HPs)
             Began as a Demigod Air Elementalist on June 7, 2023.
             Slain by a sleepcap (5 damage)
             ... on level 3 of the Dungeon.
             The game lasted 00:06:03 (942 turns).

soylentgreeen202 the Gusty (DgAE)                    Turns: 942, Time: 00:06:03

Health: 0/20       AC:  2    Str:  9    XL:     2   Next: 27%
Magic:  0/7        EV: 12    Int: 17    God:
Gold:   76         SH:  0    Dex: 14    Spells: 4/5 levels left

rFire   . . .        e - +0 dagger
rCold   . . .        (no shield)
rNeg    . . .        a - +0 robe
rPois   .            (no helmet)
rElec   .            (no cloak)
rCorr   .            (no gloves)
SInv    .            (no boots)
Will    .....        (no amulet)
Stlth   ++           (no ring)
HPRegen 0.23/turn    (no ring)
MPRegen 0.10/turn

%: no passive effects
@: no status effects
A: high MP 1, forlorn, divine attributes
a: no special abilities


You were on level 3 of the Dungeon.
You visited 1 branch of the dungeon, and saw 3 of its levels.

You collected 76 gold pieces.

Inventory:

Hand Weapons
 e - a +0 dagger (weapon)
Armour
 a - a +0 robe (worn)
Jewellery
 h - a ring of positive energy
Scrolls
 c - 3 scrolls of identify {unknown}
 d - 2 scrolls of brand weapon {unknown}
 g - a scroll of enchant weapon {unknown}
Potions
 b - a potion of magic
 f - 2 potions of curing {unknown}
 i - a potion of cancellation {unknown}


   Skills:
 - Level 2.0 Dodging
 - Level 2.0 Stealth
 - Level 2.0 Spellcasting
 - Level 1.0 Conjurations
 + Level 3.1 Air Magic


You had 4 spell levels left.
You knew the following spells:

 Your Spells              Type           Power      Damage    Failure   Level
a - Shock                 Conj/Air       32%        1d5       9%          1

Your spell library contained the following spells:

 Spells                   Type           Power      Damage    Failure   Level
 Static Discharge         Conj/Air       16%        2-3/arc   13%         2
 Swiftness                Air            12%        N/A       16%         3
 Airstrike                Air            6%         2d(1-17)  47%         4


Dungeon Overview and Level Annotations

Branches:
Dungeon (3/15)

Annotations:
D:3 1 exclusion, Ijyb


Innate Abilities, Weirdness & Mutations

You have an increased reservoir of magic. (+10% MP)
You shall have no god before yourself.
Your divine heritage dramatically boosts your attributes as you level up.


Message History

The sleepcap barely misses you.
Casting: Shock (safe; 9% risk of failure)
Confirm with . or Enter, or press ? or * to list all spells.
Aiming: Shock (safe; 9% risk of failure)
Press: ? - help, Shift-Dir - straight line The zap hits the sleepcap.
The sleepcap is heavily damaged.
The zap hits the sleepcap.
The sleepcap is severely damaged.
The sleepcap closely misses you.
Casting: Shock (safe; 9% risk of failure)
Confirm with . or Enter, or press ? or * to list all spells.
You don't have enough magic to cast this spell.
Unknown command.
Casting: Shock (safe; 9% risk of failure)
Confirm with . or Enter, or press ? or * to list all spells.
You don't have enough magic to cast this spell.
Unknown command.
You hit the sleepcap but do no damage.
The sleepcap is severely damaged.
The sleepcap releases spores at you.
You are engulfed in a cloud of soporific spores!
You are unaffected.
You hit the sleepcap.
You punch the sleepcap, but do no damage.
The sleepcap is severely damaged.
The sleepcap misses you. The sleepcap attacks as you move away!
The sleepcap releases spores at you.
* * * LOW HITPOINT WARNING * * *
Casting: Shock (safe; 9% risk of failure)
Confirm with . or Enter, or press ? or * to list all spells.
Aiming: Shock (safe; 9% risk of failure)
Press: ? - help, Shift-Dir - straight line The zap hits the sleepcap but does no damage.
The sleepcap is severely damaged.
The zap hits the sleepcap.
The sleepcap is almost destroyed.
The sleepcap barely misses you. The sleepcap attacks as you move away!
The sleepcap releases spores at you.
You die...

## ###.
#...######
#..f@.#
#.###.# # #
#.# #.# .##.
#.# #.# ...
#.#
#.###########
####.. ###†#
#...........#
....>.##...#
####...####
####...#.##♣
♣........#
.........#
♣♣♣...##.#


You could see a sleepcap.

Vanquished Creatures
  3 ball pythons
  A giant cockroach (D:1)
  A goblin (D:1)
  2 hobgoblins (D:1)
  A jackal (D:3)
  2 kobolds
  5 rats
15 creatures vanquished.

Notes
Turn   | Place    | Note
-------+----------+-------------------------------------------
     0 | D:1      | soylentgreeen202 the Demigod Air Elementalist began the
                  | quest for the Orb.
     0 | D:1      | Reached XP level 1. HP: 14/14 MP: 5/5
   125 | D:1      | Reached skill level 1 in Conjurations
   421 | D:1      | Reached XP level 2. HP: 19/20 MP: 7/7
   740 | D:2      | Reached skill level 3 in Air Magic
   844 | D:2      | You fall into a shaft and drop 1 floor!
   859 | D:3      | Noticed Ijyb
   942 | D:3      | Slain by a sleepcap

Illustrated notes

Levels and vault maps discovered:
D:1:      zaba_arrival_water, layout_basic,
          shapermc_ecumenical_altar_mp_urbaneastern
D:2:      kb_forest_paths, layout_basic, kennysheep_donut,
          minmay_misc_feat_columns
D:3:      layout_basic, serial_curves, eino_curves_04, eino_curves_01,
          eino_curves_03, hellmonk_no_cap, uniq_ijyb

Skill      XL: |  1  2 |
---------------+-------+-----
Conjurations   | 1 |  1.0
Stealth        | 2 |  2.0
Dodging        | 2 |  2.0
Spellcasting   | 2 |  2.0
Air Magic      | 3 |  3.1

Action                     || total
---------------------------++-------
  Melee: Unarmed           ||     6
         Dagger            ||    10
         Punch             ||     2
   Cast: Shock             ||    30
  Dodge: Dodged            ||    19
